 Dungeon Crawl Stone Soup version 0.26-a0-712-ga5a9c9c9d0 (webtiles) character file.

Game seed: 5249503904411548810

1196 dickylongcocking the Cutter (level 8, 0/65 HPs)
             Began as a Demonspawn Gladiator on Nov 1, 2020.
             Slain by a killer bee (2 damage)
             ... on level 6 of the Dungeon.
             The game lasted 00:07:10 (7683 turns).

dickylongcocking the Cutter (Demonspawn Gladiator)  Turns: 7683, Time: 00:07:10

Health: 0/65       AC:  9    Str: 18    XL:     8   Next: 20%
Magic:  17/17      EV: 11    Int:  9    God:
Gold:   377        SH:  3    Dex: 14    Spells: 7/7 levels left

rFire    + . .     SeeInvis .   a - +0 rapier
rCold    + . .     Faith    .   j - +0 buckler
rNeg     . . .     Spirit   .   i - +0 ring mail
rPois    +         Reflect  .   c - +0 helmet
rElec    +         Harm     .   (no cloak)
rCorr    +         Rampage  .   p - +0 pair of gloves
MR       .....                  (no boots)
Stlth    ..........             (no amulet)
HPRegen  0.20/turn              o - ring of poison resistance
MPRegen  0.15/turn              r - ring of magical power

@: lethally poisoned (0 -> -1), resistant
A: hooves 2, icy blue scales 1
a: no special abilities


You were on level 6 of the Dungeon.
You visited 2 branches of the dungeon, and saw 8 of its levels.

You collected 377 gold pieces.

Inventory:

Hand Weapons
 a - a +0 rapier (weapon)
Missiles
 m - 4 silver boomerangs (quivered)
Armour
 b - a +0 leather armour
 c - a +0 helmet (worn)
 i - a +0 ring mail (worn)
 j - a +0 buckler (worn)
 p - a +0 pair of gloves (worn)
Jewellery
 o - a ring of poison resistance (left hand)
 r - a ring of magical power (right hand)
 s - an uncursed ring of positive energy
Scrolls
 d - a scroll of blinking {unknown}
 f - 4 scrolls of noise
 g - a scroll of immolation
 h - a scroll of enchant armour {unknown}
 l - 2 scrolls of identify
 n - 2 scrolls of magic mapping
 q - 2 scrolls of remove curse
 t - a scroll of vulnerability {unknown}
 u - 2 scrolls of amnesia
 v - 2 scrolls of random uselessness {unknown}
 w - 3 scrolls of fog
Potions
 e - 4 potions of flight
 k - a potion of mutation {unknown}


   Skills:
 * Level 6.3 Fighting
 * Level 7.6 Short Blades
 - Level 1.7 Throwing
 - Level 2.6 Dodging


You had 7 spell levels left.
You didn't know any spells.
Your spell library was empty.

Dungeon Overview and Level Annotations

Branches:
Dungeon (7/15)             Temple (1/1) D:5

Altars:
Ashenzari
Cheibriados
Dithmenos
Elyvilon
Fedhas
Gozag
Hepliaklqana
Makhleb
Okawaru
Ru
Sif Muna
Trog
Vehumet
Wu Jian
Xom
Yredelemnul
Zin
The Shining One

Shops:
D:6 :


Innate Abilities, Weirdness & Mutations

You have hoof-like feet.
You are partially covered in icy blue scales. (AC +2)


Message History

You feel sick. The killer bee stings you.
* * * LOW HITPOINT WARNING * * *
You block the killer bee's attack.
The killer bee stings you but does no damage.
You block the killer bee's attack.
You feel sick. The killer bee stings you.
* * * LOW HITPOINT WARNING * * *
The killer bee barely misses you.
You hit the killer bee. You kick the killer bee.
The killer bee is heavily wounded.
The killer bee stings you.
* * * LOW HITPOINT WARNING * * *
You hit the killer bee but do no damage.
The killer bee is heavily wounded.
You feel sick. The killer bee closely misses you. The killer bee stings you.
* * * LOW HITPOINT WARNING * * *
You hit the killer bee. Your kick misses the killer bee.
The killer bee is severely wounded.
The killer bee closely misses you. The killer bee stings you.
You die...

#...###.####
##......#+#.<....#
....###.#
##......+∩'......#
.....##.#
#.......#'##.....#
......#.#
##.........##.....#
......#.#
#..#.#########)####
...>..#.#####)#....# #)#
................##.## #.#
......#.......y###..# #.#
......[.#####hyy@...## ##<#
..............####...#
##..# ........###..## #...#
#..##
......#...#.######.#.###.##
.............y.....#....)#
....[......h.F.....#.....#
.....##.####..>..........#
........# #.............#
#.##.#### #.......#.....#


You could see a hound and 3 killer bees.

Vanquished Creatures
  A water moccasin (D:5)
  An ogre (D:6)
  2 bullfrogs (D:6)
  A killer bee (D:6)
  A howler monkey (D:6)
  2 jellies
  4 bullfrog skeletons
  An iguana (D:4)
  6 orc wizards
  5 worker ants
  8 gnolls
  6 adders
  A shadow imp (D:6)
  A white imp (D:6)
  2 ufetubi
  2 oozes
  An adder skeleton (D:4)
  6 worms
  2 dart slugs (D:2)
  7 leopard geckos
  14 orcs
  8 bats
  5 giant cockroaches
  5 goblins
  9 hobgoblins
  13 jackals
  2 quokkas
  7 frilled lizards
  A jackal zombie (D:6)
  13 kobolds
  2 leopard gecko skeletons (D:6)
  8 rats
147 creatures vanquished.

Vanquished Creatures (others)
  10 plants (D:1)
10 creatures vanquished.

Grand Total: 157 creatures vanquished

Notes
Turn   | Place    | Note
-------+----------+-------------------------------------------
     0 | D:1      | dickylongcocking the Demonspawn Gladiator began the quest
                  | for the Orb.
     0 | D:1      | Reached XP level 1. HP: 16/16 MP: 1/1
   112 | D:1      | Reached skill level 3 in Short Blades
   112 | D:1      | Gained mutation: You have large cloven feet. [demonic
                  | ancestry]
   112 | D:1      | Reached XP level 2. HP: 2/22 MP: 2/2
   860 | D:1      | Reached XP level 3. HP: 27/27 MP: 3/3
   890 | D:1      | Reached skill level 4 in Short Blades
  1681 | D:2      | Found a sacrificial altar of Ru.
  1784 | D:2      | Gained mutation: You are partially covered in icy blue
                  | scales. (AC +2) [demonic ancestry]
  1784 | D:2      | Reached XP level 4. HP: 30/33 MP: 4/4
  2800 | D:3      | Reached skill level 5 in Short Blades
  3264 | D:3      | Reached XP level 5. HP: 38/38 MP: 5/5
  3796 | D:4      | Gained mutation: You have hoof-like feet. [demonic
                  | ancestry]
  3796 | D:4      | Reached XP level 6. HP: 47/47 MP: 6/6
  4852 | D:4      | Reached skill level 6 in Short Blades
  4913 | D:5      | Entered Level 5 of the Dungeon
  4913 | D:5      | Noticed a water moccasin
  4927 | D:5      | Killed a water moccasin
  5184 | D:5      | Reached XP level 7. HP: 42/55 MP: 6/7
  5335 | D:5      | Found a staircase to the Ecumenical Temple.
  5399 | Temple   | Entered the Ecumenical Temple
  5691 | D:5      | Found a bloodstained altar of Trog.
  5853 | D:6      | Reached skill level 5 in Fighting
  6067 | D:6      | Reached skill level 7 in Short Blades
  6212 | D:6      | Reached XP level 8. HP: 60/64 MP: 8/8
  6790 | D:5      | HP: 1/64 [orc warrior/+0 dire flail (19)]
  7186 | D:6      | Found Kinoiggi's Book Shop.
  7404 | D:7      | Found a white marble altar of Elyvilon.
  7682 | D:6      | HP: 2/65 [killer bee (2)]
  7683 | D:6      | Slain by a killer bee

Illustrated notes

Levels and vault maps discovered:
D:1:      psy_arrival_conway, layout_basic, lexackson_kobold_supper
D:2:      layout_loops_corners, nicolae_ru_the_path_less_chosen
D:3:      layout_basic, chequers_jeans, bh_walls_and_bars
D:4:      layout_cave_pools, st_stairs_2, ebering_dispersal_statue_hall,
          grunt_decor_clamped, roderic_roman_lattice
D:5:      layout_basic, temple_fountains, trog_three_pillars_becter
D:6:      layout_rooms, serial_shops, nicolae_shop_behind_doors
D:7:      layout_cave_pools, elyvilon_altar_5
Temple:   lightli_temple_of_artemis

Skill      XL: |  1  2  3  4  5  6  7  8 |
---------------+-------------------------+-----
Short Blades   | 3 4 5 6 7 |  7.6
Fighting       | 3 4 5 6 |  6.3
Throwing       | |  1.7
Dodging        | |  2.6

Action                   |  1- 3 |  4- 6 |  7- 9 || total
-------------------------+-------+-------+-------++-------
Melee: Rapier            |   112 |   257 |   194 ||   563
       Kick              |    19 |    67 |    53 ||   139
Throw: Throwing net      |     3 |       |       ||     3
  Use: Potion            |       |     9 |     5 ||    14
       Scroll            |       |     8 |     2 ||    10
Armor: Leather armour    |    27 |    47 |       ||    74
       Ring mail         |       |    50 |    90 ||   140
Dodge: Dodged            |    95 |   156 |   106 ||   357
Block: Buckler           |     3 |    45 |    32 ||    80

Table legend: (Time is in decaauts)
 A = Elapsed time spent in this place.
 B = Non-inter-level travel time spent in this place.
 C = Inter-level travel time spent in this place.
 D = Time resting spent in this place.
 E = Time spent auto-exploring this place.
 F = Levels seen in this place.
 G = Mean time per level.
                   A        B        C        D        E       F      G
               +--------+--------+--------+--------+--------+-----+--------+
         Total |   7659 |   7436 |    223 |   1321 |   4795 |   8 |  957.4 |
       Dungeon |   7543 |   7338 |    205 |   1321 |   4713 |   7 | 1077.6 |
        Temple |    116 |     99 |     17 |      0 |     82 |   1 |  116.0 |
               +--------+--------+--------+--------+--------+-----+--------+

Top non-repeatable levels by time:
     D:1: 1524 daAuts
     D:6: 1501 daAuts
     D:2: 1256 daAuts
     D:4: 1179 daAuts
     D:3: 1165 daAuts
     D:5: 896 daAuts
  Temple: 116 daAuts
     D:7: 19 daAuts
